 Dungeon Crawl Stone Soup version 0.24.0-13-gcf9b3192b9 (webtiles) character file.

Game seed: 274827942163990148, levelgen mode: deterministic

112 Sphyrna the Digger (level 4, -6/26 HPs)
             Began as a Gargoyle Earth Elementalist on Nov 10, 2019.
             Killed from afar by an orc wizard (8 damage)
             ... with a puff of flame
             ... on level 2 of the Dungeon.
             The game lasted 00:11:02 (3197 turns).

Sphyrna the Digger (Gargoyle Earth Elementalist)    Turns: 3197, Time: 00:11:02

Health: -6/26      AC:  6    Str: 11    XL:     4   Next: 95%
Magic:  7/8        EV: 11    Int: 17    God:
Gold:   111        SH:  0    Dex: 10    Spells: 4/8 levels left

rFire    . . .     SeeInvis .   d - +0 dagger
rCold    . . .     Gourm    .   (no shield)
rNeg     + . .     Faith    .   i - +0 leather armour
rPois    ∞         Spirit   .   (no helmet)
rElec    +         Reflect  .   (no cloak)
rCorr    .         Harm     .   (no gloves)
MR       .....                  (no boots)
Stlth    ++........             (no amulet)
HPRegen  0.08/turn              (no ring)
MPRegen  0.11/turn              (no ring)

@: no status effects
A: negative energy resistance 1, electricity resistance, unbreathing,
petrification resistance, rot immunity, AC +3
a: no special abilities


You were on level 2 of the Dungeon.
You were not hungry.

You visited 1 branch of the dungeon, and saw 3 of its levels.

You collected 111 gold pieces.

Inventory:

Hand Weapons
 d - a +0 dagger (weapon)
   (You took it off a kobold on level 1 of the Dungeon)
Missiles
 b - 102 stones (quivered)
Armour
 c - a +0 robe
 i - a +0 leather armour (worn)
   (You found it on level 1 of the Dungeon)
Jewellery
 k - an uncursed amulet of guardian spirit {unknown}
   (You found it on level 2 of the Dungeon)
 p - an uncursed amulet of the gourmand {unknown}
   (You found it on level 3 of the Dungeon)
Scrolls
 f - a scroll of noise {unknown}
 g - 5 scrolls of identify {unknown}
 m - a scroll of immolation {unknown}
 n - a scroll of enchant weapon {unknown}
Potions
 a - 2 potions of flight {unknown}
 h - 2 potions of agility {unknown}
 j - 2 potions of magic {unknown}
 l - 2 potions of curing {unknown}
 o - a potion of mutation {unknown}
Comestibles
 e - 4 rations {!d}


   Skills:
 + Level 2.1 Fighting
 - Level 1.5 Dodging
 - Level 2.1 Stealth
 + Level 2.7 Spellcasting
 + Level 0.7 Conjurations
   Level 0.7 Transmutations
 * Level 5.2 Earth Magic


You had 4 spell levels left.
You knew the following spells:

 Your Spells              Type           Power        Failure   Level  Hunger
a - Sandblast             Erth           ###...       2%          1    #......
x - Stone Arrow           Conj/Erth      ##....       21%         3    ###....

Your spell library contained the following spells:

 Spells                   Type           Power        Failure   Level  Hunger
 Passwall                 Tmut/Erth      ##......     11%         2    ##.....
 Petrify                  Tmut/Erth      ##......     56%         4    #####..
 Lee's Rapid Deconstruct  Erth           ###.......   58%         5    ######.


Dungeon Overview and Level Annotations

Branches:
Dungeon (3/15)

Altars:

Annotations:
D:2 1 runed translucent door, Crazy Yiuf, Sigmund


Innate Abilities, Weirdness & Mutations

You are resistant to torment.
Your stone body is resilient. (AC +3)
You are immune to poison.
You resist negative energy. (rN+)
You are resistant to electric shocks. (rElec)
You can survive without breathing.
You are immune to petrification.
You are immune to rotting.


Message History

Something hits you but does no damage.
Deactivating autopickup; reactivate with Ctrl-A.
Something hits you but does no damage. Something hits you but does no damage.
A magic dart appears from out of thin air!
The magic dart hits you.
There is an escape hatch in the floor here.
You hear some strange, mumbled words.
Something tries to affect you, but you resist.
You hear some strange, mumbled words.
You are confused.
You're too confused to move!
You hear some strange, mumbled words.
A puff of flame appears from out of thin air!
The puff of flame hits you!
* * * LOW HITPOINT WARNING * * *
You bump into the rock wall.
You bump into the rock wall.
You hear some strange, mumbled words.
You are more confused.
You completely miss something. Something hits you but does no damage.
You bump into the rock wall.
An orc wizard appears from thin air!
Reactivating autopickup.
The orc wizard barely misses you.
You're too confused to cast spells.
Unknown command.
You hit the orc wizard but do no damage.
The orc wizard barely misses you.
You bump into the rock wall.
The orc wizard hits you with a +0 dagger.
* * * LOW HITPOINT WARNING * * *
You barely miss the orc wizard. The orc wizard casts a spell at you.
The magic dart hits you.
* * * LOW HITPOINT WARNING * * *
You bump into the rock wall.
The orc wizard hits you with a +0 dagger.
* * * LOW HITPOINT WARNING * * *
You're too confused to move!
The orc wizard barely misses you.
You bump into the rock wall.
The orc wizard hits you but does no damage.
You bump into the rock wall.
The orc wizard hits you with a +0 dagger.
* * * LOW HITPOINT WARNING * * *
You hit the orc wizard.
You feel less confused.
The orc wizard points at you and mumbles some strange words.
The puff of flame hits you!
You die...

.......# #......## ######.#.#.#.
.......# ######..####............
.......## ##....#.......#.#.#
........###########..............
.....##....##....>###........#.#.
.#########........###.......#....
.# ####.....#.........####.
.###### ###..#..#.......# ##
......##### ##@#.##.......#
.####.....### #o#.##.......#####
...######...####>..#######.......
....#######........#.............
.................>)..#####.......
.....######..######..# #.......
.....# #...# ##.# ######.# ....##
###.#.### #.# #.#
.....###...#...# ### #.#


You could see an orc wizard.

Vanquished Creatures
  An orc wizard (D:3)
  3 adders
  A dart slug (D:3)
  A leopard gecko (D:3)
  3 orcs
  A ball python (D:2)
  2 giant cockroaches (D:1)
  5 goblins
  6 hobgoblins
  9 kobolds
  A quokka (D:2)
  10 bats
  3 frilled lizards (D:1)
  5 rats
51 creatures vanquished.

Vanquished Creatures (others)
  A giant cockroach (D:2)
  A bat (D:3)
2 creatures vanquished.

Grand Total: 53 creatures vanquished

Notes
Turn   | Place    | Note
-------+----------+-------------------------------------------
     0 | D:1      | Sphyrna the Gargoyle Earth Elementalist began the quest for
                  | the Orb.
     0 | D:1      | Reached XP level 1. HP: 10/10 MP: 3/3
   454 | D:1      | Reached skill level 4 in Earth Magic
   454 | D:1      | Reached XP level 2. HP: 9/16 MP: 3/5
   798 | D:1      | Reached skill level 1 in Fighting
  1095 | D:1      | Reached XP level 3. HP: 19/20 MP: 6/6
  1100 | D:1      | Learned a level 3 spell: Stone Arrow
  2206 | D:2      | Found a runed translucent door.
  2207 | D:2      | Noticed Crazy Yiuf
  2238 | D:2      | Noticed Sigmund
  2534 | D:2      | Reached XP level 4. HP: 7/26 MP: 4/7
  3029 | D:3      | Reached skill level 5 in Earth Magic
  3197 | D:2      | Killed from afar by an orc wizard

Levels and vault maps discovered:
D:1:      lightli_arrival_statue_moat, layout_loops_ring,
          minmay_misc_feat_pillars, minmay_strange_pillars, skrybe_limestone_x,
          hex_large, minmay_cut_off
D:2:      layout_rooms, hex_medium, uniq_crazy_yiuf_cottage, uniq_sigmund
D:3:      layout_loops_ring, trog_hazing_becter

Skill      XL: |  1  2  3  4 |
---------------+-------------+-----
Earth Magic    | 4 5 |  5.2
Fighting       | 1 2 |  2.1
Dodging        | |  1.5
Stealth        | |  2.1
Spellcasting   | |  2.7
Conjurations   | |  0.7
Transmutations | |  0.7

Action                   |  1- 3 |  4- 6 || total
-------------------------+-------+-------++-------
Melee: Dagger            |   222 |    63 ||   285
       Unarmed           |    18 |       ||    18
 Cast: Sandblast         |     7 |     7 ||    14
 Stab: Sleeping          |     1 |     1 ||     2
  Eat: Chunk             |     3 |     1 ||     4
       Ration            |     1 |       ||     1
Armor: Robe              |    49 |       ||    49
       Leather armour    |    63 |    38 ||   101
Dodge: Dodged            |   176 |    52 ||   228
